[Event "Team 45 45 League T41"]
[Site "Internet Chess Club"]
[Date "2009.04.30"]
[Round "1"]
[White "reverendjim"]
[Black "Skylab"]
[Result "1-0"]
[WhiteElo "1367"]
[BlackElo "1306"]
[Opening "Ruy Lopez: old Steinitz defense"]
[ECO "C62"]
[Time "23:01:07"]
[TimeControl "2700+45"]

1. e4 e5 2. Nf3 Nc6 3. Bb5 d6 4. d4 exd4 5. Qxd4 Bd7 6. Bxc6 Bxc6 7. Nc3 Nf6 8.
O-O Be7 9. Bg5 O-O 10. Rfe1 Re8 11. Nd2 h6 12. Bh4 b6 13. Qc4 Bb7 14. Rad1 a5
15. Qd3 Ba6 16. Qg3 Nh5 17. Bxe7 Qxe7 18. Qg4 Nf6 19. Qg3 Qf8 20. h3 Re7 21. Nf3
Rae8 22. e5 dxe5 23. Rxe5 Rxe5 24. Nxe5 Bb7 25. Nd7 Nxd7 26. Rxd7 Re1+ 27. Kh2
Qc8 28. Qd3 Re8 29. Nb5 Ba6 30. Rxc7 Qb8 31. Qd7 Rf8 32. Nd6 Bc8 33. Qe7 Be6 34.
Kg1 Qd8 35. Qxd8 Rxd8 36. Ne4 Rd1+ 37. Kh2 Ra1 38. a3 Rb1 39. b3 Rb2 40. f3 f5
41. Nd6 a4 42. b4 Ra2 43. Rc3 f4 44. h4 Ra1 45. Ne4 Re1 46. Rc6 Bd5 47. Rxb6
Bxe4 48. fxe4 Rxe4 49. Rb8+ Kf7 50. Rb7+ Kg6 51. Rd7 Re3 52. Rd3 Kf5 53. b5 Re6
54. c4 Rb6 55. Kg1 Ke4 56. Rd7 g5 57. hxg5 hxg5 58. Kf2 g4 59. Rd2 Rb7 60. g3 f3
61. Rd8 Rc7 62. b6 Rb7 63. c5 Ke5 64. Ra8 Kd5 65. Rxa4 Kxc5 66. Rxg4 Rxb6 67.
Rb4 Ra6 68. Rf4 Rxa3 69. Rxf3 Rxf3+ 70. Kxf3 Kd6 71. Kf4 Ke7 72. Kf5 Kf7 73. g4
Kg7 74. Kg5 Kf7 75. Kh6 Kg8 76. Kg6 Kh8 77. Kf7 Kh7 78. g5 Kh8 79. Kg6 Kg8 80.
Kh6 Kh8 81. g6 Kg8 82. g7 Kf7 83. Kh7 {Black resigns} 1-0

[Event "Team 45 45 League T41"]
[Site "Internet Chess Club"]
[Date "2009.05.04"]
[Round "1"]
[White "WzeroMN"]
[Black "chips"]
[Result "1-0"]
[WhiteElo "1238"]
[BlackElo "1219"]
[Opening "Pirc: classical (two knights) system"]
[ECO "B08"]
[Time "16:00:38"]
[TimeControl "2700+45"]

1. e4 d6 2. d4 Nf6 3. Nc3 g6 4. Nf3 Bg7 5. Bc4 O-O 6. O-O c6 7. d5 c5 8. Rb1 Bg4
9. Be2 Bxf3 10. Bxf3 Nbd7 11. Bf4 Ne8 12. Qd2 Nef6 13. Bh6 Ne5 14. Bxg7 Kxg7 15.
Be2 Qb6 16. f4 Ned7 17. Rf3 Rh8 18. Kh1 Qa5 19. Rg3 a6 20. f5 Kf8 21. fxg6 Nxe4
22. g7+ Kg8 23. gxh8=Q+ Kxh8 24. Nxe4 Qxd2 25. Nxd2 {Black resigns} 1-0

[Event "Team 45 45 League T41"]
[Site "Internet Chess Club"]
[Date "2009.05.04"]
[Round "1"]
[White "Rhayder"]
[Black "bowwrestler"]
[Result "1-0"]
[WhiteElo "1191"]
[BlackElo "1035"]
[Opening "Scandinavian: Pytel-Wade variation"]
[ECO "B01"]
[Time "12:04:30"]
[TimeControl "2700+45"]

1. e4 d5 2. exd5 Qxd5 3. Nc3 Qd6 4. d4 Nf6 5. Bb5+ c6 6. Be2 a6 7. Bf3 b5 8. Ne4
Nxe4 9. Bxe4 Bb7 10. Ne2 Nd7 11. Bf4 e5 12. dxe5 Nxe5 13. Qxd6 Bxd6 14. O-O-O
Rb8 15. Rxd6 Nc4 16. Re6+ fxe6 17. Bxb8 Ke7 18. Bg3 Rd8 19. Bh4+ Ke8 20. Bxd8
Kxd8 21. Rd1+ Kc7 22. Bxh7 c5 23. Bg8 Bd5 24. Nf4 Kd6 25. Bxe6 Kc6 26. Bxd5+ Kb6
27. Bxc4 bxc4 28. Ng6 Kb5 29. Rd7 Kb4 30. Rxg7 a5 31. Rb7+ Ka4 32. f4 c3 33. f5
cxb2+ 34. Kxb2 c4 35. f6 c3+ 36. Kxc3 Ka3 37. f7 a4 38. f8=Q+ Kxa2 39. Qb4 a3
40. Ra7 Ka1 41. Rxa3# {Black checkmated} 1-0

[Event "Team 45 45 League T41"]
[Site "Internet Chess Club"]
[Date "2009.05.02"]
[Round "1"]
[White "Zohan"]
[Black "Salamah14"]
[Result "1-0"]
[WhiteElo "1291"]
[BlackElo "1374"]
[Opening "Sicilian: Smith-Morra gambit"]
[ECO "B21"]
[Time "23:00:11"]
[TimeControl "2700+45"]

1. e4 c5 2. d4 cxd4 3. c3 dxc3 4. Nxc3 e6 5. Nf3 a6 6. Bd3 Nc6 7. O-O Bd6 8. Re1
Qc7 9. a3 Nf6 10. Bg5 Ng4 11. h3 Nxf2 12. Kxf2 Qb6+ 13. Be3 Qxb2+ 14. Qd2 Qxd2+
15. Bxd2 Na5 16. Be3 b5 17. e5 Be7 18. Ne4 Nb7 19. Rec1 O-O 20. Bg5 Bxg5 21.
Nexg5 h6 22. Ne4 Na5 23. Rc7 Rd8 24. Nd6 Rb8 25. Rd1 Bb7 26. g4 Bxf3 27. Kxf3
Nc6 28. Ke4 Ne7 29. Rf1 Nd5 30. Ra7 b4 31. Rxa6 f6 32. Nc4 b3 33. Rb1 Nc3+ 34.
Kd4 Nxb1 35. Bxb1 Rdc8 36. exf6 gxf6 37. Rd6 Rc7 38. Nb2 e5+ 39. Ke4 Kg7 40. Kf5
Rf8 41. Bd3 Rf7 42. Bc4 Re7 43. Rxf6 Rb7 44. Rg6+ Kh8 45. Rxh6+ Kg7 46. Rg6+ Kf8
47. Rg8# {Black checkmated} 1-0

[Event "Team 45 45 League T41"]
[Site "Internet Chess Club"]
[Date "2009.05.01"]
[Round "1"]
[White "rgadoury"]
[Black "jjaillet2007"]
[Result "0-1"]
[WhiteElo "1190"]
[BlackElo "1238"]
[Opening "French: advance, Paulsen attack"]
[ECO "C02"]
[Time "19:15:38"]
[TimeControl "2700+45"]

1. e4 e6 2. d4 d5 3. e5 c5 4. c3 Nc6 5. Nf3 cxd4 6. cxd4 Bb4+ 7. Nc3 Nge7 8. Be2
O-O 9. O-O a6 10. a3 Ba5 11. Qc2 Nf5 12. Be3 Bb6 13. Rad1 f6 14. exf6 Qxf6 15.
Bg5 Qg6 16. Be3 Nxe3 17. fxe3 Qxc2 18. Rd2 Qg6 19. Bd3 Qe8 20. Na4 Ba7 21. Nc5
Bxc5 22. dxc5 e5 23. e4 Bg4 24. exd5 e4 25. dxc6 exd3 26. cxb7 Rb8 27. Rxd3 Rxb7
28. h3 Bxf3 29. Rdxf3 Rxf3 {White resigns} 0-1

[Event "Team 45 45 League T41"]
[Site "Internet Chess Club"]
[Date "2009.05.02"]
[Round "1"]
[White "baseball613"]
[Black "Daidalos"]
[Result "1-0"]
[WhiteElo "1236"]
[BlackElo "1082"]
[Opening "Queen's pawn"]
[ECO "A40"]
[Time "16:02:05"]
[TimeControl "2700+45"]

1. d4 e6 2. Nf3 Be7 3. Bf4 c6 4. e3 Nf6 5. Bd3 Nd5 6. Bg3 d6 7. c3 O-O 8. Nbd2
b5 9. Qe2 Bb7 10. O-O-O Nd7 11. h4 N7b6 12. Rh2 a5 13. Rdh1 Ba6 14. Bc2 b4 15.
Qd1 bxc3 16. bxc3 Nc4 17. Nxc4 Bxc4 18. Ng5 Nxc3 19. Qd2 Nxa2+ 20. Kd1 Qb6 21.
Ke1 d5 22. Kd1 Bb4 23. Bxh7+ Kh8 24. Qc2 Nc3+ 25. Kc1 Na2+ 26. Kd1 Nc3+ 27. Kc1
Ba3+ 28. Kd2 Ne2 29. e4 Qb4+ 30. Ke3 Qc3+ 31. Qxc3 Nxc3 32. exd5 Nxd5+ 33. Ke4
Nf6+ 34. Ke5 Ng4+ 35. Kf4 Nxh2 36. Rxh2 Bc1+ 37. Kg4 Rad8 38. Be5 Be2+ 39. Kg3
f6 40. Bf4 Bxf4+ 41. Kxf4 e5+ 42. Ke3 Bh5 43. dxe5 fxe5 44. Be4 Bg4 45. f3 Bd7
46. Rh1 Rb8 47. Rd1 Rb3+ 48. Kf2 Rb2+ 49. Kg3 Be8 50. Rd8 c5 51. Bc6 Kg8 52.
Bxe8 e4 53. fxe4 Rb3+ 54. Kh2 Rb7 55. Ne6 Rbf7 56. Bxf7+ Kxf7 57. Nxf8 Ke7 58.
Ra8 Kd6 59. Rxa5 Kc6 60. Ne6 Kb6 61. Rxc5 {Black resigns} 1-0

[Event "Team 45 45 League T41"]
[Site "Internet Chess Club"]
[Date "2009.04.30"]
[Round "1"]
[White "Dbronstein06"]
[Black "wbanks"]
[Result "1-0"]
[WhiteElo "1650"]
[BlackElo "1650"]
[Opening "Ruy Lopez: Archangelsk (counterthrust) variation"]
[ECO "C78"]
[Time "18:02:40"]
[TimeControl "2700+45"]

1. e4 e5 2. Nf3 Nc6 3. Bb5 a6 4. Ba4 Nf6 5. O-O b5 6. Bb3 Bb7 7. c3 Nxe4 8. Re1
d5 9. d3 Nf6 10. Nxe5 Be7 11. Qe2 O-O 12. Nxc6 Bxc6 13. Qxe7 Re8 14. Qxd8 Raxd8
15. Rxe8+ Rxe8 16. Kf1 {Black resigns} 1-0

[Event "Team 45 45 League T41"]
[Site "Internet Chess Club"]
[Date "2009.04.29"]
[Round "1"]
[White "Juan73"]
[Black "jacknor"]
[Result "1-0"]
[WhiteElo "1653"]
[BlackElo "1616"]
[Opening "Sicilian: accelerated fianchetto, modern variation with Bc4"]
[ECO "B35"]
[Time "19:07:12"]
[TimeControl "2700+45"]

1. e4 c5 2. Nc3 Nc6 3. Bc4 Nf6 4. Nf3 g6 5. d4 cxd4 6. Nxd4 Bg7 7. Be3 O-O 8. h4
d6 9. Qd2 Ng4 10. Nf3 Nxe3 11. Qxe3 Qa5 12. O-O-O Bxc3 13. bxc3 Bg4 14. Rd5 Qa3+
15. Kb1 Bxf3 16. gxf3 a6 17. h5 Ne5 18. hxg6 Nxc4 19. gxh7+ Kh8 20. Qd4+ f6 21.
Qxc4 Rac8 22. Qb4 Qxc3 23. Qxc3 Rxc3 24. Rd3 Rxd3 25. cxd3 Rf7 26. Kc2 Rxh7 27.
Rxh7+ Kxh7 28. Kc3 e6 29. Kd4 Kg6 30. f4 Kh5 31. e5 dxe5+ 32. fxe5 f5 33. Kc5
Kg4 34. Kd6 Kf3 35. Kxe6 b5 36. Kxf5 b4 37. e6 a5 38. e7 a4 39. e8=Q Kxf2 40.
Qxa4 {Black resigns} 1-0

[Event "Team 45 45 League T41"]
[Site "Internet Chess Club"]
[Date "2009.05.05"]
[Round "1"]
[White "Makaen"]
[Black "arriero55"]
[Result "1-0"]
[WhiteElo "1527"]
[BlackElo "1440"]
[Opening "Sicilian: closed"]
[ECO "B23"]
[Time "17:33:33"]
[TimeControl "2700+45"]

1. e4 c5 2. Nc3 e6 3. f4 a6 4. Nf3 Nc6 5. a3 f5 6. exf5 exf5 7. Bc4 Nf6 8. Nd5
b5 9. Nxf6+ Qxf6 10. Bd5 h6 11. d3 Bb7 12. Qe2+ Kd8 13. Be3 Kc7 14. O-O-O Nd4
15. Bxd4 cxd4 16. Bxb7 Kxb7 17. Ne5 Re8 18. Qf3+ Kc7 19. Qd5 Qd6 20. Qf7 Qe6 21.
Qg6 Qxg6 22. Nxg6 Rg8 23. Rhe1 Bd6 24. g3 Kd8 25. Ne5 Bxe5 26. Rxe5 Rxe5 27.
fxe5 Re8 28. Rf1 Rxe5 29. Kd2 Ke7 30. Rf4 Rd5 31. c4 dxc3+ 32. bxc3 g5 33. Rf3
Kf6 34. Ke3 d6 35. d4 a5 36. Kd3 f4 37. Ke4 Rf5 38. g4 Re5+ 39. dxe5+ dxe5 40.
Rd3 {Black forfeits on time} 1-0

[Event "Team 45 45 League T41"]
[Site "Internet Chess Club"]
[Date "2009.05.03"]
[Round "1"]
[White "quaksterjohny"]
[Black "b-spot"]
[Result "1-0"]
[WhiteElo "1441"]
[BlackElo "1703"]
[Opening "French: advance, Euwe variation"]
[ECO "C02"]
[Time "19:01:13"]
[TimeControl "2700+45"]

1. e4 e6 2. d4 d5 3. e5 c5 4. c3 Nc6 5. Nf3 Bd7 6. Be2 Nge7 7. Na3 Ng6 8. Nc2
Be7 9. O-O O-O 10. Re1 cxd4 11. cxd4 f6 12. Bd3 Nh8 13. h4 fxe5 14. Nxe5 Nxe5
15. Rxe5 Bxh4 16. g3 Bf6 17. Rh5 g6 18. Rh2 e5 19. dxe5 Bxe5 20. Be2 Ba4 21. Qd3
a6 22. Ne3 Bb5 23. Qd2 d4 24. Bxb5 dxe3 25. Bc4+ Kg7 26. Qxd8 exf2+ 27. Kf1
Rfxd8 28. Bh6+ Kf6 29. Rxf2+ Ke7 30. Bg5+ Kd6 31. Rd1+ Kc7 32. Bxd8+ Rxd8 33.
Rxd8 Kxd8 34. b3 Ke7 35. Kg2 b5 36. Bg8 h6 37. Bd5 a5 38. a3 g5 39. a4 bxa4 40.
bxa4 Kd6 41. Be4 h5 42. Rd2+ Ke7 43. Rd5 Nf7 44. Rxa5 h4 45. Bg6 Bxg3 46. Bxf7
Kxf7 47. Rxg5 Ke6 48. Rb5 Kd6 49. a5 Kc6 50. Rb1 Bc7 51. a6 Bb6 52. Kh3 Ba7 53.
Kxh4 Kc7 54. Rb7+ {Black resigns} 1-0

[Event "Team 45 45 League T41"]
[Site "Internet Chess Club"]
[Date "2009.05.03"]
[Round "1"]
[White "civilization"]
[Black "Walker42"]
[Result "1-0"]
[WhiteElo "1614"]
[BlackElo "1398"]
[Opening "Pirc: classical (two knights) system"]
[ECO "B08"]
[Time "21:08:56"]
[TimeControl "2700+45"]

1. e4 d6 2. d4 Nf6 3. Nc3 g6 4. Nf3 Bg7 5. Bf4 O-O 6. Be2 c5 7. dxc5 Qa5 8. cxd6
Nxe4 9. dxe7 Re8 10. O-O Nxc3 11. bxc3 Rxe7 12. Rb1 Nc6 13. Bb5 Bg4 14. Bxc6
bxc6 15. Qd6 Ree8 16. Nd4 Qxc3 17. Nxc6 Qxc2 18. Ne7+ Kh8 19. Be5 Rad8 20. Qf6
Rg8 21. Qf4 Rge8 22. Bf6 Be6 23. Qe5 Rxe7 24. Bxg7+ Kg8 25. Bf6 Rd5 26. Rb8+ Bc8
27. Qxe7 Qc6 28. Re1 Re5 29. Rxe5 Qc1+ 30. Re1 Qf4 31. Qe8# {Black checkmated}
1-0

[Event "Team 45 45 League T41"]
[Site "Internet Chess Club"]
[Date "2009.05.04"]
[Round "1"]
[White "imawesome"]
[Black "Mutaant"]
[Result "0-1"]
[WhiteElo "1513"]
[BlackElo "1444"]
[Opening "Bishop's opening"]
[ECO "C23"]
[Time "19:00:53"]
[TimeControl "2700+45"]

1. e4 e5 2. Bc4 Nc6 3. Nc3 Bc5 4. Qg4 g6 5. Qf3 Qf6 6. d3 Nd4 7. Qd1 Nb5 8. Qf3
Nxc3 9. bxc3 d6 10. Qxf6 Nxf6 11. h3 O-O 12. Nf3 Nh5 13. O-O Nf4 14. Bxf4 exf4
15. d4 Bb6 16. Ng5 h6 17. Nxf7 Rxf7 18. Bxf7+ Kxf7 19. Rad1 Bd7 20. Rfe1 Bb5 21.
Ra1 Ba5 22. a4 Bc4 23. Ra3 Re8 24. f3 a6 25. Rd1 Bb6 26. a5 Ba7 27. Ra4 Bb5 28.
Rb4 c5 29. Rb2 Re7 30. Kh2 Kf6 31. g3 Be2 32. Rd2 Bxf3 33. gxf4 Bxe4 34. Re2 Bc6
35. Rxe7 Kxe7 36. dxc5 Bxc5 37. Kg3 Kf6 38. Kg4 h5+ 39. Kg3 Kf5 40. Rb1 Be3 41.
Rf1 Be4 42. Rb1 Bxf4+ 43. Kf2 Be5 44. Rb3 Bxc2 45. Rxb7 Bxc3 46. Rc7 Bd4+ 47.
Kg2 Be4+ 48. Kh2 Kg5 49. Rc4 Be5+ 50. Kg1 Bd3 51. Rc6 Kh4 52. Kf2 g5 53. Rc1
Kxh3 54. Rh1+ Kg4 55. Rg1+ Kf5 56. Rd1 Bb5 57. Rh1 h4 58. Ke3 Kg4 59. Rg1+ Kh5
60. Kf3 Bc6+ 61. Ke2 g4 62. Ke3 h3 63. Ke2 Kh4 64. Ke3 g3 65. Ke2 h2 66. Rb1
h1=Q 67. Rxh1+ Bxh1 68. Kf1 g2+ 69. Kg1 Bd4+ 70. Kh2 g1=Q# {White checkmated}
0-1

[Event "Team 45 45 League T41"]
[Site "Internet Chess Club"]
[Date "2009.05.03"]
[Round "1"]
[White "FractalDante"]
[Black "Zappy"]
[Result "1-0"]
[WhiteElo "1555"]
[BlackElo "1544"]
[Opening "Sicilian: Hungarian variation"]
[ECO "B27"]
[Time "16:00:09"]
[TimeControl "2700+45"]

1. e4 c5 2. Nf3 g6 3. c3 Bg7 4. d4 cxd4 5. cxd4 Nf6 6. Nc3 d6 7. Be2 O-O 8. O-O
Nc6 9. a3 Qb6 10. Na4 Qc7 11. Nc3 Bd7 12. Bf4 Rfd8 13. d5 Nb8 14. Rc1 Qb6 15.
Qd2 Re8 16. b4 a5 17. Be3 Qd8 18. Nb5 Bxb5 19. Bxb5 Nbd7 20. Qd3 axb4 21. axb4
Qb8 22. Rc2 Rc8 23. Rxc8+ Qxc8 24. Rc1 Qd8 25. h3 Ne8 26. Bd4 Bxd4 27. Qxd4 Nef6
28. g4 Ra3 29. Rc3 Qa8 30. Rxa3 Qxa3 31. Kg2 Nb8 32. e5 Nfd7 33. e6 fxe6 34.
dxe6 Nf6 35. Qb6 Nc6 36. Bxc6 bxc6 37. Qd8+ Kg7 38. Qxe7+ Kg8 39. Qf7+ Kh8 40.
Qxf6+ Kg8 41. Qf7+ Kh8 42. Ng5 Qa7 43. Qxa7 Kg8 44. Qf7+ Kh8 45. Qxh7# {Black
checkmated} 1-0

[Event "Team 45 45 League T41"]
[Site "Internet Chess Club"]
[Date "2009.04.30"]
[Round "1"]
[White "lawth3"]
[Black "mrmarck"]
[Result "1-0"]
[WhiteElo "1151"]
[BlackElo "1189"]
[Opening "Sicilian: Labourdonnais-Löwenthal variation"]
[ECO "B32"]
[Time "11:00:08"]
[TimeControl "2700+45"]

1. e4 c5 2. Nf3 Nc6 3. d4 cxd4 4. Nxd4 e5 5. Nb3 Nf6 6. Nc3 Be7 7. Be3 O-O 8.
Qd2 Bb4 9. f3 b6 10. a3 Be7 11. O-O-O a6 12. Kb1 b5 13. Nd5 Rb8 14. Nxe7+ Qxe7
15. Bc5 Qe8 16. Bxf8 Qxf8 17. Qd6 Bb7 18. Qxf8+ Kxf8 19. g4 Ke7 20. g5 Nh5 21.
Bh3 d6 22. Bg4 Nf4 23. h4 a5 24. h5 Rd8 25. g6 h6 26. Nd2 fxg6 27. hxg6 d5 28.
exd5 Rxd5 29. c3 Rd6 30. Ne4 Rxg6 31. Rd7+ {Black resigns} 1-0

[Event "Team 45 45 League T41"]
[Site "Internet Chess Club"]
[Date "2009.04.29"]
[Round "1"]
[White "Traho"]
[Black "KingOfHearts"]
[Result "1-0"]
[WhiteElo "1235"]
[BlackElo "1282"]
[Opening "Réti opening"]
[ECO "A04"]
[Time "18:59:09"]
[TimeControl "2700+45"]

1. Nf3 Nc6 2. g3 e5 3. d3 d5 4. Bg2 Nf6 5. O-O Bg4 6. Nbd2 Qd7 7. Re1 O-O-O 8.
e4 Bc5 9. Nb3 Bb6 10. Be3 d4 11. Bd2 Bh3 12. a4 a6 13. Nc1 h6 14. b4 a5 15. Na2
Bxg2 16. Kxg2 g5 17. b5 Ne7 18. Nxe5 Qe6 19. Nc4 g4 20. Nxa5 Bxa5 21. Bxa5 h5
22. Bd2 h4 23. Rh1 h3+ 24. Kf1 Rh5 25. Qc1 Nxe4 26. Qe1 Nxd2+ 27. Qxd2 Qd5 28.
Rg1 Nf5 29. Qe2 Nd6 30. Nb4 Qg5 31. f4 Qc5 32. Qxg4+ Qf5 33. Qxf5+ Rxf5 34. Re1
c5 35. Na2 b6 36. Re5 Rxe5 37. fxe5 Nf5 38. Nc1 Ne3+ 39. Ke2 Nxc2 40. Rf1 Rf8
41. Rf6 Kc7 42. Rh6 Re8 43. Kd2 Ne3 44. Rc6+ Kb7 45. Rf6 Re7 46. Rh6 Nf5 47.
Rxh3 Rxe5 48. Rh5 f6 49. g4 Ng7 50. Rh7 Re7 51. Ne2 Kc7 52. Nf4 Kd6 53. Nh5 Nxh5
54. Rxe7 Kxe7 55. gxh5 Kf7 56. Ke2 Kg7 57. Kf3 Kh6 58. Ke4 Kxh5 59. Kf5 Kh6 60.
Kxf6 Kh5 61. Kf5 Kh4 62. Ke5 Kg4 63. Kd5 Kf3 64. h3 Ke3 65. h4 Kxd3 66. h5 c4
67. h6 c3 68. h7 c2 69. h8=Q c1=Q 70. Qxd4+ Ke2 71. Qc4+ Qxc4+ 72. Kxc4 Ke3 73.
Kb4 Ke4 74. a5 bxa5+ 75. Kxa5 Kd5 76. Ka6 Kd6 77. Ka7 Kc7 78. b6+ {Black
resigns} 1-0

[Event "Team 45 45 League T41"]
[Site "Internet Chess Club"]
[Date "2009.05.02"]
[Round "1"]
[White "kjs110"]
[Black "jocooper"]
[Result "1-0"]
[WhiteElo "1131"]
[BlackElo "1149"]
[Opening "King's pawn opening"]
[ECO "B07"]
[Time "10:54:58"]
[TimeControl "2700+45"]

1. e4 d6 2. Nf3 Nf6 3. Nc3 g6 4. g3 Bg7 5. Bg2 O-O 6. O-O c6 7. d3 Nbd7 8. Be3
Ng4 9. Bd2 b5 10. Ng5 Nde5 11. f4 b4 12. Ne2 e6 13. fxe5 Bxe5 14. Bxb4 Ne3 15.
Qd2 Nxf1 16. Rxf1 Bxb2 17. Ba5 Qe7 18. e5 d5 19. Bb4 Qd8 20. Bxf8 Qxf8 21. d4 f5
22. exf6 Ba6 23. Nxe6 Qf7 24. Ng5 Qf8 25. f7+ Kh8 26. Qe3 Qg7 27. Ne6 Bxd4 28.
Qxd4 Qxd4+ 29. N6xd4 Bxe2 30. Nxe2 Rf8 31. Nd4 {Black resigns} 1-0

[Event "Team 45 45 League T41"]
[Site "Internet Chess Club"]
[Date "2009.05.02"]
[Round "1"]
[White "RancidTurnip"]
[Black "furrbrain"]
[Result "1-0"]
[WhiteElo "1109"]
[BlackElo "1130"]
[Opening "French: advance, Milner-Barry gambit"]
[ECO "C02"]
[Time "20:13:25"]
[TimeControl "2700+45"]

1. e4 e6 2. d4 d5 3. e5 c5 4. c3 Qb6 5. Bd3 Nc6 6. Nf3 Nge7 7. a3 Nf5 8. Bxf5
exf5 9. b4 cxd4 10. cxd4 Qb5 11. Bb2 Be7 12. Nc3 Qb6 13. Nxd5 Qd8 14. Nc3 O-O
15. d5 Bd6 16. exd6 Re8+ 17. Ne2 Ne5 18. Nxe5 Rxe5 19. Bxe5 f6 20. Bf4 g5 21.
Bd2 Qxd6 22. Bc3 b6 23. Qd3 Bd7 24. O-O Re8 25. Ng3 f4 26. Nh5 {Black resigns}
1-0

[Event "Team 45 45 League T41"]
[Site "Internet Chess Club"]
[Date "2009.05.04"]
[Round "1"]
[White "milesotoole"]
[Black "JimGaming"]
[Result "1/2-1/2"]
[WhiteElo "1206"]
[BlackElo "1342"]
[Opening "Sicilian: Alapin's variation (2.c3)"]
[ECO "B22"]
[Time "18:00:08"]
[TimeControl "2700+45"]

1. e4 c5 2. c3 g6 3. d4 cxd4 4. cxd4 Nf6 5. Nc3 Bg7 6. Nf3 O-O 7. Bd3 d5 8. e5
Ne8 9. Qc2 Bg4 10. Be3 e6 11. O-O-O Bxf3 12. gxf3 f5 13. exf6 Bxf6 14. Rhg1 Ng7
15. Bxg6 hxg6 16. Qxg6 Qe8 17. Qg4 Nd7 18. h4 Rf7 19. h5 Kf8 20. Nb5 Rc8+ 21.
Kb1 Ke7 22. Nxa7 Rc4 23. Bg5 Nf5 24. Bxf6+ Nxf6 25. Qf4 Nd6 26. Qg5 b5 27. h6
Qh8 28. Rh1 Qh7+ 29. Ka1 Nf5 30. Nxb5 Qg8 31. Qxg8 Nxg8 32. h7 Rxh7 33. Rxh7+
Kf6 34. Kb1 Nge7 35. Rc1 Nc6 36. Rxc4 dxc4 37. Rd7 e5 38. dxe5+ Kxe5 39. Rc7 Kd5
40. Na7 Nfd4 41. Nxc6 Nxc6 42. Kc2 Nd4+ 43. Kc3 Nb5+ 44. Kb4 Nxc7 45. a4 Kd4 46.
a5 Kd3 47. f4 Na6+ 48. Kb5 Nc7+ 49. Kb6 Nd5+ 50. Kb7 Kc2 51. a6 Kxb2 52. a7 c3
53. a8=Q c2 54. Qh8+ Nc3 55. Qh1 Nd1 56. Qh8+ Nc3 57. Qh1 Nd1 {Game drawn by
mutual agreement} 1/2-1/2

[Event "Team 45 45 League T41"]
[Site "Internet Chess Club"]
[Date "2009.05.01"]
[Round "1"]
[White "blkmagic"]
[Black "Newcastler"]
[Result "0-1"]
[WhiteElo "1206"]
[BlackElo "1225"]
[Opening "Sicilian: Alapin's variation (2.c3)"]
[ECO "B22"]
[Time "21:00:58"]
[TimeControl "2700+45"]

1. e4 c5 2. c3 Nc6 3. Nf3 e6 4. Bc4 a6 5. d4 b5 6. Be2 Qc7 7. d5 Ne5 8. Bf4 Bd6
9. Bxe5 Bxe5 10. Nxe5 Qxe5 11. dxe6 Qxe6 12. Qd5 Qxd5 13. exd5 d6 14. Bf3 Nf6
15. O-O O-O 16. Nd2 Bb7 17. Ne4 Nxe4 18. Bxe4 Rfe8 19. Rfe1 Re5 20. Rad1 Rae8
21. f3 f5 22. f4 Rxe4 23. Rxe4 Rxe4 24. g3 a5 {White resigns} 0-1

[Event "Team 45 45 League T41"]
[Site "Internet Chess Club"]
[Date "2009.05.02"]
[Round "1"]
[White "ffplayer"]
[Black "Gomer"]
[Result "1-0"]
[WhiteElo "1135"]
[BlackElo "1174"]
[Opening "QGD: 6.Nf3"]
[ECO "D55"]
[Time "21:00:34"]
[TimeControl "2700+45"]

1. d4 d5 2. c4 e6 3. Nf3 Bb4+ 4. Bd2 Be7 5. Nc3 Nf6 6. Bg5 O-O 7. e3 Nc6 8. Bd3
g6 9. O-O Nb4 10. cxd5 Nxd3 11. Qxd3 exd5 12. Rac1 c6 13. Qc2 Bg4 14. Ne5 Qd6
15. Bxf6 Bxf6 16. Nxg4 Bh4 17. f4 f5 18. Ne5 Rae8 19. Rf3 Bf6 20. Rh3 Bxe5 21.
fxe5 Qe7 22. Ne2 Qg5 23. Nf4 Qg4 24. Qf2 Qg5 25. Rg3 Qh6 26. Qf3 g5 27. Nh5 g4
28. Nf6+ Rxf6 29. Qf4 Qxf4 30. exf4 Rf7 31. Rcc3 Rc7 32. h3 b5 33. hxg4 fxg4 34.
Rxg4+ Kh8 35. b4 Rg7 36. Rcg3 Reg8 37. Rxg7 Rxg7 38. Rxg7 Kxg7 39. g4 Kg6 40. a3
Kf7 41. Kg2 {Black resigns} 1-0

[Event "Team 45 45 League T41"]
[Site "Internet Chess Club"]
[Date "2009.05.02"]
[Round "1"]
[White "stillday"]
[Black "Graybeard"]
[Result "1-0"]
[WhiteElo "1173"]
[BlackElo "1153"]
[Opening "Levitsky attack (Queen's bishop attack)"]
[ECO "D00"]
[Time "20:01:05"]
[TimeControl "2700+45"]

1. d4 d5 2. Bg5 h6 3. Bh4 Nf6 4. Bxf6 gxf6 5. c4 Nc6 6. e3 Be6 7. Nf3 dxc4 8.
Nc3 Qd7 9. Qd2 O-O-O 10. Nb5 Kb8 11. Qc3 a6 12. a4 Bd5 13. Be2 e6 14. O-O Bb4
15. Qc2 f5 16. Ne5 Nxe5 17. dxe5 Qc6 18. Nd4 Qc5 19. b3 Be4 20. Qxc4 Qxc4 21.
bxc4 Rhg8 22. f3 Bc3 23. fxe4 Bxa1 24. Rxa1 f4 25. Bh5 Rg7 26. Rf1 fxe3 27. Ne2
Rd4 28. Nxd4 Rg5 29. g4 Rxe5 30. Rf4 f6 31. Kf1 c5 32. Nf3 Rg5 33. Nxg5 fxg5 34.
Rf8+ Kc7 35. Ke2 b5 36. axb5 a5 37. Rf7+ Kb6 38. Kxe3 a4 39. Rd7 a3 40. Rd2 Ka5
41. Rc2 e5 42. Kd3 Kb4 43. b6 Kb3 44. Rc3+ Kb2 45. Rxa3 Kxa3 46. b7 {Black
resigns} 1-0

[Event "Team 45 45 League T41"]
[Site "Internet Chess Club"]
[Date "2009.05.05"]
[Round "1"]
[White "AVEMARIA"]
[Black "Razorbackchess"]
[Result "1/2-1/2"]
[WhiteElo "1692"]
[BlackElo "1800"]
[Opening "Sicilian: Alapin's variation (2.c3)"]
[ECO "B22"]
[Time "18:09:07"]
[TimeControl "2700+45"]

1. e4 c5 2. c3 d5 3. exd5 Qxd5 4. Nf3 Bg4 5. Be2 Nf6 6. d4 e6 7. O-O Nc6 8. Na3
a6 9. Nc2 cxd4 10. Ncxd4 Nxd4 11. Nxd4 Bxe2 12. Qxe2 Be7 13. Be3 Qh5 14. Qxh5
Nxh5 {Game drawn by mutual agreement} 1/2-1/2

[Event "Team 45 45 League T41"]
[Site "Internet Chess Club"]
[Date "2009.05.03"]
[Round "1"]
[White "sean98"]
[Black "SATELLITE-DAN"]
[Result "1-0"]
[WhiteElo "1709"]
[BlackElo "1628"]
[Opening "Ruy Lopez: closed, anti-Marshall 8.a4"]
[ECO "C88"]
[Time "16:30:14"]
[TimeControl "2700+45"]

1. e4 e5 2. Nf3 Nc6 3. Bb5 a6 4. Ba4 Nf6 5. O-O Be7 6. Re1 b5 7. Bb3 O-O 8. a4
Bb7 9. d3 d6 10. Nbd2 Na5 11. Ba2 bxa4 12. Nc4 c5 13. Nxa5 Qxa5 14. Bd2 Qc7 15.
c3 Bc6 16. Bb1 Rab8 17. Bc1 Nd7 18. Bc2 Nb6 19. b3 f5 20. bxa4 fxe4 21. dxe4 Nd7
22. Bb3+ Kh8 23. Bg5 Nf6 24. Bc2 Bd7 25. h3 Be6 26. Bxf6 Bxf6 27. Nh2 Bh4 28.
Nf3 Be7 29. Nh2 Qd7 30. Ng4 Qc7 31. Ne3 Bh4 32. Nf5 Bxf5 33. exf5 Bf6 34. Be4
Be7 35. c4 Rb4 36. Qd3 a5 37. Reb1 Rfb8 38. f6 Bxf6 39. Bxh7 e4 40. Qxe4 Bxa1
41. Rxa1 Qd8 42. Bg6 Qf6 43. Rf1 Rxa4 44. Qg4 Rab4 45. Re1 Kg8 46. Qh5 Qe5 47.
Rxe5 dxe5 48. Qxe5 Kh8 49. Qxc5 Rb1+ 50. Bxb1 Rxb1+ 51. Kh2 Rb8 {Black resigns}
1-0

[Event "Team 45 45 League T41"]
[Site "Internet Chess Club"]
[Date "2009.05.02"]
[Round "1"]
[White "TwentyMiles"]
[Black "kingphisch"]
[Result "1-0"]
[WhiteElo "1595"]
[BlackElo "1599"]
[Opening "Caro-Kann: classical variation"]
[ECO "B18"]
[Time "13:04:32"]
[TimeControl "2700+45"]

1. e4 c6 2. d4 d5 3. Nc3 dxe4 4. Nxe4 Bf5 5. Ng3 Bg6 6. Nf3 Nd7 7. Bd3 Ngf6 8.
O-O e6 9. c4 Be7 10. Re1 O-O 11. Bxg6 hxg6 12. a3 Qc7 13. Be3 Rac8 14. c5 Rfd8
15. b4 a5 16. Qb3 axb4 17. axb4 b6 18. Ra2 Ra8 19. Rea1 Rxa2 20. Rxa2 bxc5 21.
bxc5 Rb8 22. Qa3 Qb7 23. Qa6 Nd5 24. Qxb7 Rxb7 25. Ra6 Rc7 26. Bd2 N7f6 27. Ne5
Rb7 28. Nxc6 Rb1+ 29. Nf1 Ne4 30. Nxe7+ Nxe7 31. Be3 Nc3 32. g3 Ned5 33. Kg2 Rb8
34. Bf4 Nxf4+ 35. gxf4 Ne2 36. Rd6 Nxf4+ 37. Kf3 Nd5 38. Ne3 Rb3 39. Ke4 f5+ 40.
Ke5 Nxe3 41. fxe3 Rxe3+ 42. Kf4 Rh3 43. Rxe6 Rxh2 44. Rxg6 Kf7 45. Rd6 Rf2+ 46.
Ke5 g6 47. Rd7+ Ke8 48. c6 Ra2 49. Rg7 Re2+ 50. Kd6 Rd2 51. d5 f4 52. c7 Kf8 53.
Rxg6 Rc2 54. Rf6+ Kg7 55. Rxf4 {Black resigns} 1-0